Map: [ESL] Goldenaura

Players

HeroMarine

  • Race: Terran Terran
  • Spawn Location: 12:00

MaNa - Winner!

  • Race: Protoss Protoss
  • Spawn Location: 5:00

Event: ESL SC2 Masters 2023 Winter (Regional)

VOD

Have the link to the VOD?

Description

Time

  • Played on: Nov. 11, 2023, 11:46 a.m.
  • Length: 9:53

All games in this series

Show
View Real Time Build Order
Export as new Build Order

HeroMarine Terran 

Build Orders:  

Get SALT Encoding   

  12  0:00  SCV  
  13  0:12  SCV  
  14  0:17  Supply Depot  
  14  0:24  SCV  
  15  0:38  SCV  
  15  0:39  Barracks  
  16  0:43  Refinery  
  16  0:50  SCV  
  16  0:53  Refinery  
  17  1:03  SCV  
  18  1:15  SCV  
  19  1:19  Supply Depot  
  19  1:26  Reaper  
  19  1:27  Orbital Command  
  20  1:41  Factory  
  20  1:52  SCV  
  21  1:58  Reaper  
  22  2:04  SCV  
  23  2:17  Command Center  
  23  2:20  SCV  
  24  2:25  Hellion  
  26  2:31  Barracks Reactor  
  26  2:32  SCV  
  27  2:44  SCV  
  27  2:45  Supply Depot  
  27  2:47  Starport  
  28  2:52  Widow Mine  
  28  2:56  SCV  
  31  3:08  SCV  
  31  3:09  Marine x2  
  34  3:14  Widow Mine  
  35  3:20  SCV  
  35  3:27  Marine x2  
  34  3:32  Orbital Command, SCV  
  37  3:37  Factory Tech Lab  
  37  3:38  Medivac  
  38  3:44  Marine x2  
  38  3:45  SCV  
  41  3:57  Barracks, SCV  
  41  4:00  SCV  
  41  4:02  Factory Tech Lab  
  43  4:04  Marine  
  43  4:05  Marine  
  43  4:09  SCV  
  46  4:12  SCV  
  46  4:16  Raven  
  49  4:21  SCV  
  49  4:22  Supply Depot  
  50  4:25  SCV  
  50  4:27  Marine x2  
  51  4:33  SCV  
  51  4:37  SCV  
  51  4:44  Marine  
  51  4:45  SCV  
  52  4:48  Barracks  
  52  4:49  SCV  
  52  4:52  Engineering Bay  
  53  4:56  Stimpack  
  53  4:57  SCV  
  54  5:01  SCV  
  54  5:03  Supply Depot  
  54  5:06  Starport Reactor, Factory Reactor  
  57  5:07  Marauder  
  57  5:09  SCV  
  57  5:10  Marine  
  57  5:11  Marine  
  57  5:13  SCV  
  61  5:19  Terran Infantry Weapons Level 1  
  61  5:21  SCV  
  61  5:22  Refinery  
  61  5:25  SCV  
  61  5:28  Marine x2, Marauder  
  65  5:33  SCV  
  63  5:37  SCV  
  63  5:45  Combat Shield, SCV  
  63  5:46  Marine x3, Refinery  
  63  5:49  SCV, Marine  
  69  5:56  Medivac  
  70  6:02  Missile Turret, Supply Depot x2  
  70  6:07  Widow Mine x2, SCV x2  
  70  6:08  Medivac  
  78  6:16  Missile Turret  
  78  6:23  Marauder x2, SCV x2, Marine x2  
  78  6:25  Supply Depot x2  
  86  6:28  Medivac  
  86  6:32  Widow Mine x2  
  89  6:35  SCV  
  86  6:41  Marine x2  
  86  6:44  Marine  
  90  6:48  Concussive Shells  
  90  6:49  Marine  
  90  6:56  Command Center  
  90  6:57  Widow Mine  
  90  6:58  Widow Mine  
  90  7:00  Marine  
  90  7:01  Marine  
  96  7:02  Marine  
  96  7:03  SCV  
  96  7:04  SCV  
  99  7:09  Marine, Supply Depot  
  99  7:16  Medivac x2  
  99  7:18  Marine  
  99  7:22  Marauder  
  97  7:25  SCV  
  97  7:26  SCV  
  97  7:27  Marauder  
  97  7:28  Widow Mine  
  103  7:31  Widow Mine  
  103  7:44  Marauder  
  103  7:47  SCV x2  
  103  7:49  Marauder  
  103  7:51  Marine x2  
  103  7:54  Widow Mine x2, Medivac x2  
  112  7:59  SCV x2  
  110  8:09  Marine  
  110  8:10  Marauder  
  110  8:12  Marine  
  113  8:14  SCV x2  
  113  8:16  Orbital Command  
  113  8:18  Marauder  
  102  8:21  Barracks  
  102  8:24  Barracks  
  102  8:26  SCV x2  
  103  8:30  Viking x2  
  103  8:33  Marine x2  
  103  8:34  Marine  
  103  8:38  SCV x2  
  103  8:39  Marine  
  106  8:52  Marauder  
  106  8:54  Marine x2  
  110  8:57  Marauder  
  110  8:59  Ghost Academy  
  110  9:00  Viking x2  
  112  9:14  Marauder  
  112  9:16  Barracks Tech Lab, Marine x3  
  111  9:17  Marine  
  111  9:19  Marauder  
  111  9:21  SCV  
  111  9:22  SCV  
  109  9:26  Orbital Command  
  93  9:34  Marine x3  
  93  9:35  Marine  
Show
View Real Time Build Order
Export as new Build Order

MaNa Protoss - Winner!

Build Orders: 1 Gate Expand, Oracle Opening, Phoenix Opening, Colossus Rush 

Get SALT Encoding   

  12  0:00  Probe  
  13  0:12  Probe  
  14  0:18  Pylon  
  14  0:24  Probe (Chrono Boost)  
  15  0:36  Gateway  
  15  0:37  Probe (Chrono Boost)  
  16  0:44  Probe (Chrono Boost)  
  16  0:45  Assimilator  
  17  0:51  Probe  
  18  1:03  Probe  
  19  1:16  Probe  
  20  1:24  Cybernetics Core  
  20  1:33  Nexus  
  20  1:36  Probe  
  21  1:42  Pylon  
  21  1:48  Probe  
  21  1:52  Assimilator  
  22  2:00  Probe  
  22  2:01  Adept (Chrono Boost)  
  25  2:12  Probe  
  26  2:21  Stargate  
  26  2:24  Probe  
  26  2:26  Adept (Chrono Boost)  
  29  2:36  Probe  
  30  2:44  Probe  
  30  2:48  Probe, Warp Gate  
  32  2:54  Stalker (Chrono Boost)  
  32  2:56  Probe  
  35  3:00  Probe  
  34  3:08  Probe  
  34  3:12  Oracle (Chrono Boost)  
  37  3:13  Probe  
  38  3:25  Probe  
  37  3:31  Probe  
  38  3:37  Probe  
  39  3:43  Probe  
  39  3:47  Phoenix (Chrono Boost)  
  38  3:50  Probe  
  38  3:53  Robotics Facility  
  38  3:54  Pylon  
  38  3:55  Assimilator  
  41  3:58  Probe  
  41  4:00  Assimilator  
  41  4:02  Probe  
  43  4:08  Gateway, Phoenix (Chrono Boost)  
  45  4:16  Probe  
  46  4:18  Pylon  
  45  4:25  Probe  
  45  4:28  Probe, Phoenix  
  49  4:37  Probe (Chrono Boost)  
  50  4:44  Probe (Chrono Boost)  
  52  4:49  Probe (Chrono Boost)  
  53  4:53  Phoenix  
  53  4:56  Probe x2 (Chrono Boost), Robotics Bay  
  56  5:03  Probe  
  56  5:05  Probe  
  58  5:10  Immortal (Chrono Boost)  
  58  5:11  Pylon  
  62  5:29  Probe x2  
  62  5:31  Nexus  
  64  5:39  Phoenix  
  64  5:41  Sentry, Probe  
  69  5:43  Pylon  
  69  5:58  Colossus (Chrono Boost)  
  69  6:02  Extended Thermal Lance  
  69  6:03  Probe x2  
  77  6:10  Shield Battery  
  77  6:13  Pylon  
  77  6:19  Gateway  
  77  6:21  Probe  
  78  6:31  Probe, Phoenix  
  81  6:35  Probe  
  82  6:42  Colossus (Chrono Boost)  
  82  6:43  Probe  
  82  6:44  Probe  
  90  6:47  Sentry, Probe  
  90  6:48  Shield Battery  
  90  6:50  Zealot  
  90  6:52  Shield Battery  
  95  6:54  Forge  
  95  7:00  Phoenix  
  97  7:03  Probe x3  
  100  7:08  Twilight Council  
  100  7:15  Probe  
  101  7:17  Protoss Ground Weapons Level 1  
  101  7:31  Gateway x2, Pylon  
  101  7:35  Probe  
  101  7:42  Probe  
  101  7:48  Warp Prism  
  101  7:49  Probe x2  
  101  7:50  Charge (Chrono Boost)  
  99  7:52  Zealot x3  
  99  7:54  Probe  
  106  7:58  Phoenix  
  102  8:22  Photon Cannon, Pylon  
  102  8:28  Pylon  
  102  8:35  Pylon  
  102  8:38  Gateway  
  102  8:40  Nexus, Phoenix  
  104  8:42  Zealot x2  
  104  8:43  Gateway  
  104  8:45  Pylon  
  104  8:46  Pylon  
  108  8:50  Colossus  
  108  8:51  Zealot  
  108  8:53  Templar Archives  
  108  8:55  Probe x3  
  118  8:57  Gateway  
  119  9:13  Zealot x5  
  113  9:33  Zealot x6  
  113  9:34  Probe  
  113  9:35  Probe  
  120  9:41  Probe  
Tags
 
Add a new tag
Caveats
  • Supply blocks, unpowered buildings, or Contaminate may cause inaccurate times.
  • Supply counts are checked every 10 seconds.